 Dungeon Crawl Stone Soup version 0.14-a0-1029-g9530a8b (webtiles) character file.

1085 PolkaDot the Ruinous (level 7, -7/46 HPs)
             Began as a Vampire Conjurer on Nov 23, 2013.
             Was a Believer of Sif Muna.
             Mangled by an orc warrior
             ... wielding a -1,+0 orcish scimitar
              (19 damage)
             ... on Level 5 of the Dungeon.
             The game lasted 00:21:42 (5359 turns).

PolkaDot the Ruinous (Vampire Conjurer)             Turns: 5359, Time: 00:21:42

HP  -7/46        AC  5     Str  7      XL: 7   Next: 59%
MP  10/12        EV 13     Int 19      God: Sif Muna [**....]
Gold 283         SH  0     Dex 14      Spells:  3 memorised,  2 levels left

Res.Fire  : . . .   See Invis. : +   k - +2,+3 elf short sword
Res.Cold  : . . .   Warding    : .   a - +0 robe
Life Prot.: + . .   Conserve   : .   (no shield)
Res.Poison: .       Res.Corr.  : .   (no helmet)
Res.Elec. : .       Clarity    : .   p - +1 elf cloak
Sust.Abil.: . .     Spirit.Shd : .   (no gloves)
Res.Mut.  : .       Stasis     : .   t - +0 pair of boots
Res.Rott. : .       Flight     : .   (no amulet)
Saprovore : . . .                    (no ring)
                                     (no ring)

@: slightly resistant to hostile enchantments, quite stealthy
A: bottle blood, fangs 3, see invisible, unbreathing
a: Bat Form, Bottle Blood, Channel Energy, Forget Spell, Renounce Religion


You were on level 5 of the Dungeon.
You worshipped Sif Muna.
Sif Muna was pleased with you.
You were not thirsty.

You visited 1 branch of the dungeon, and saw 6 of its levels.
You also visited: Sewer.

You collected 283 gold pieces.

Inventory:

Hand weapons
 k - a +2,+3 elven short sword (weapon)
Armour
 a - a +0 robe (worn)
 p - a +1 elven cloak (worn)
 t - a +0 pair of boots (worn)
Magical devices
 m - a wand of flame (13)
 q - a wand of random effects (14) {unknown}
Scrolls
 h - 8 scrolls of teleportation
Potions
 e - 2 potions of restore abilities
 f - 3 potions of resistance
 i - a potion of speed
 j - 5 potions of curing
 l - a potion of brilliance
 n - 4 potions of heal wounds {unknown}
 o - a potion of beneficial mutation {unknown}
 r - 2 potions of flight
 s - a potion of poison {unknown}
 u - a potion of degeneration {unknown}
Books
 b - a book of Ice

   Spells                             Type                      Level
   Freezing Aura                      Charms/Ice                   2
   Ensorcelled Hibernation            Hexes/Ice                    2
   Ozocubu's Refrigeration            Ice                          6
   Bolt of Cold                       Conjuration/Ice              6
   Freezing Cloud                     Conjuration/Ice/Air          6
   Metabolic Englaciation             Hexes/Ice                    6
   Simulacrum                         Ice/Necromancy               6
 c - a book of Conjurations

   Spells                             Type                      Level
   *Magic Dart                        Conjuration                  1
   *Searing Ray                       Conjuration                  2
   Dazzling Spray                     Conjuration/Hexes            3
   *Iskenderun's Mystic Blast         Conjuration                  4
   Iskenderun's Battlesphere          Conjuration/Charms           4
   Fulminant Prism                    Conjuration/Hexes            5


   Skills:
 - Level 2.9 Dodging
 - Level 3.2 Stealth
 - Level 1.6 Spellcasting
 * Level 6.9 Conjurations


You had 2 spell levels left.
You knew the following spells:

 Your Spells              Type           Power        Failure   Level  Hunger
d - Iskenderun's Mystic   Conj           ####....     12%         4    #####..
s - Searing Ray           Conj           ####..       1%          2    ###....
z - Magic Dart            Conj           ####         1%          1    #......


Dungeon Overview and Level Annotations

Branches:
Dungeon (6/16)             Temple (0/1) D:4

Altars:
Kikubaaqudgha
Makhleb
Nemelex Xobeh
Sif Muna
Trog
Vehumet
Zin

Shops:
D:4 *


Innate Abilities, Weirdness & Mutations

You can bottle blood from corpses.
You have razor-sharp teeth.*
You have supernaturally acute eyesight.
You can survive without breathing.*


Message History

Press: ? - help, Shift-Dir - straight line, f - orc warrior
Aim: an orc warrior, wielding an orcish scimitar and wearing an orcish chain mail
Okay, then.
The orc warrior hits you with an orcish scimitar!
Ouch! That really hurt!
* * * LOW HITPOINT WARNING * * *
A troll comes into view.
Read which item? (? for menu, Esc to quit)
Okay, then.
Drink which item? (? for menu, Esc to quit)
You feel better.
The troll shouts!
Drink which item? (? for menu, Esc to quit)
You feel better.
The orc warrior hits you with an orcish scimitar!
* * * LOW HITPOINT WARNING * * *
Drink which item? (? for menu, Esc to quit)
You feel better.
The orc warrior hits you with an orcish scimitar!
You die...

#....##.# #.##...### #....##.#
#.###### # ###....##.# #.# #
.......##.# #.# # ######....# #.#
# #....# #.# #### ##....####
##.## #...
#####...#....##########...####...
#...#...#.......@o......<........
#...#...#.....######......>......
...........T..######...#########.
.......>...............#########.
#######...##..#...###............
.................<...............
#####............................
##..............###.....#########
#................................


You could see a troll and an orc warrior.

Vanquished Creatures
  An ogre (D:6)
  The ghost of wojtek the Insei, an average DrTm (D:3)
  A centaur (D:6)
  A giant frog (D:6)
  A big kobold (Sewer)
  A hound (D:4)
  A big fish (Sewer)
  A giant frog zombie (D:5)
  3 orc wizards
  A scorpion (D:5)
  A worker ant (D:6)
  6 adders
  3 giant mites
  2 worms
  An iguana zombie (D:5)
  3 grey rats
  A giant eyeball (D:4)
  2 oozes
  11 orcs
  3 ball pythons
  10 bats
  A bat skeleton (D:5)
  2 giant cockroaches (D:1)
  8 hobgoblins
  4 jackals
  12 kobolds
  A giant gecko (D:1)
  6 giant newts
  7 goblins
  A kobold skeleton (D:4)
  A quokka skeleton (D:4)
  14 rats
112 creatures vanquished.

Notes
Turn   | Place    | Note
--------------------------------------------------------------
     0 | D:1      | PolkaDot, the Vampire Conjurer, began the quest for the Orb.
     0 | D:1      | Reached XP level 1. HP: 13/13 MP: 4/4
   296 | D:1      | Reached XP level 2. HP: 11/19 MP: 1/5
   975 | D:1      | Reached XP level 3. HP: 24/24 MP: 7/7
  1007 | D:2      | Found a deep blue altar of Sif Muna.
  1010 | D:2      | Became a worshipper of Sif Muna the Loreminder
  1669 | D:2      | Learned a level 2 spell: Searing Ray
  1970 | D:3      | Noticed wojtek's ghost (average DrTm)
  1971 | D:3      | Reached XP level 4. HP: 25/30 MP: 3/8
  2062 | D:3      | Killed wojtek's ghost
  2062 | D:3      | Reached skill level 4 in Conjurations
  2062 | D:3      | Reached XP level 5. HP: 30/35 MP: 1/10
  2273 | D:3      | Learned a level 4 spell: Iskenderun's Mystic Blast
  2537 | D:4      | Found a glowing silver altar of Zin.
  2568 | D:4      | Found a radiant altar of Vehumet.
  2570 | D:4      | Found a bloodstained altar of Trog.
  2572 | D:4      | Found a sparkling altar of Nemelex Xobeh.
  2574 | D:4      | Found a burning altar of Makhleb.
  2574 | D:4      | Found an ancient bone altar of Kikubaaqudgha.
  2845 | D:4      | Acquired Sif Muna's first power
  2923 | D:4      | Found Gadoc's General Store.
  2924 | D:4      | Found a staircase to the Ecumenical Temple.
  3077 | D:4      | Reached skill level 5 in Conjurations
  3114 | D:4      | Reached XP level 6. HP: 32/41 MP: 2/11
  3123 | D:4      | Found a glowing drain.
  3176 | Sewer    | Entered a sewer
  3487 | Sewer    | Found a white marble altar of Elyvilon.
  4277 | D:5      | Entered Level 5 of the Dungeon
  4759 | D:5      | Reached skill level 6 in Conjurations
  4876 | D:5      | Reached XP level 7. HP: 32/46 MP: 8/12
  5163 | D:6      | Acquired Sif Muna's second power
  5357 | D:5      | Noticed a troll
  5359 | D:5      | Mangled by an orc warrior

Action                   |  1- 3 |  4- 6 |  7- 9 || total
-------------------------+-------+-------+-------++-------
Melee: Short sword       |   108 |    93 |    27 ||   228
 Cast: Magic Dart        |    30 |    18 |     1 ||    49
       Searing Ray       |     1 |    14 |     2 ||    17
       Iskenderun's Myst |       |    12 |     2 ||    14
 Abil: End Transformatio |       |     1 |       ||     1
       Bat Form          |       |     1 |       ||     1
Evoke: Wand              |       |     1 |       ||     1
  Use: Scroll            |     1 |    16 |       ||    17
       Potion            |       |     3 |     4 ||     7
 Stab: Sleeping          |     7 |     6 |       ||    13
